| TOP OF THE 1ST |
|
Bristol Pirates batting - Pitching for Chicago (APP) Cubs : RHP Joshua Vincent
|
|
Pitching: RHP Joshua Vincent
|
|
|
Batting: LHB Sun-wei Kuai
|
0-0: Called Strike 0-1: Foul Ball, location: 2F 0-2: Ball 1-2: Ball 2-2: SINGLE (Groundball, 4MD, EV 97.5 MPH)
|
|
Batting: RHB Ryan Thurston
|
0-0: Ball Sun-wei Kuai steals 2nd base 1-0: Foul Ball, location: 2F 1-1: Called Strike Sun-wei Kuai steals 3rd base 1-2: Ball 2-2: Foul Ball, location: 2F 2-2: Strikes out swinging
|
|
Batting: SHB Juan Ayala
|
0-0: Swinging Strike 0-1: Ball 1-1: Ball Wild Pitch! Sun-wei Kuai scores 2-1: Swinging Strike 2-2: Ground out 4-3 (Groundball, 34, EV 91.9 MPH)
|
|
Batting: SHB Nathan Clement
|
0-0: Ball 1-0: Ball 2-0: Ball 3-0: Base on Balls
|
|
Batting: LHB Damien Cohen
|
0-0: Ball 1-0: Ball 2-0: Called Strike 2-1: Foul Ball, location: 2F 2-2: Foul Ball, location: 2F 2-2: Foul Ball, location: 2F 2-2: Ball 3-2: Base on Balls Nathan Clement to second
|
|
Batting: LHB Ernesto Gasca
|
0-0: Ball 1-0: Called Strike 1-1: Ball Wild Pitch! Nathan Clement to third Damien Cohen to second 2-1: Swinging Strike 2-2: Strikes out swinging
|
| Top of the 1st over - 1 run, 1 hit, 0 errors, 2 left on base; Bristol 1 - Chicago (APP) 0 |
| BOTTOM OF THE 1ST |
|
Chicago (APP) Cubs batting - Pitching for Bristol Pirates : LHP Ernesto Gasca
|
|
Pitching: LHP Ernesto Gasca
|
|
|
Batting: RHB Lencho Otieno
|
0-0: Ball 1-0: Called Strike 1-1: Foul Ball, location: 2F 1-2: Foul Ball, location: 2F 1-2: Foul Ball, location: 2F 1-2: Ball 2-2: Ground out 5-3 (Groundball, 56, EV 104.4 MPH)
|
|
Batting: RHB Jorge Gonzalez
|
0-0: Ball 1-0: SOLO HOME RUN (Flyball, 7LD, EV 94.4 MPH), Distance : 360 ft
|
|
Batting: LHB Jose Mafano
|
0-0: Foul Ball, location: 2F 0-1: Ball 1-1: Swinging Strike 1-2: Ball 2-2: Ground out 6-3 (Groundball, 6, EV 100.0 MPH)
|
|
Batting: RHB Andy Baumhardt
|
0-0: SINGLE (Groundball, 34D, EV 98.1 MPH)
|
|
Batting: SHB Jim Lloyd
|
0-0: Called Strike 0-1: Hit by Pitch Andy Baumhardt to second
|
|
Batting: RHB Andy Villarreal
|
0-0: Foul Ball, location: 2F 0-1: Ball 1-1: Ground out U3 (Groundball, 34, EV 103.1 MPH)
|
| Bottom of the 1st over - 1 run, 2 hits, 0 errors, 2 left on base; Bristol 1 - Chicago (APP) 1 |
| TOP OF THE 2ND |
|
Bristol Pirates batting - Pitching for Chicago (APP) Cubs : RHP Joshua Vincent
|
|
Batting: LHB Tommie Benefield
|
0-0: Foul Ball, location: 2F 0-1: Ball 1-1: Swinging Strike 1-2: Strikes out looking
|
|
Batting: RHB Brian Brewster
|
0-0: Called Strike 0-1: Swinging Strike 0-2: Ball 1-2: Ball 2-2: Ball 3-2: Strikes out looking
|
|
Batting: RHB Zachery Loomis
|
0-0: Ground out 6-3 (Groundball, 56, EV 85.6 MPH)
|
| Top of the 2nd over - 0 runs, 0 hits, 0 errors, 0 left on base; Bristol 1 - Chicago (APP) 1 |
| BOTTOM OF THE 2ND |
|
Chicago (APP) Cubs batting - Pitching for Bristol Pirates : LHP Ernesto Gasca
|
|
Batting: SHB Rob Craft
|
0-0: Swinging Strike 0-1: Swinging Strike 0-2: Ball 1-2: Strikes out looking
|
|
Batting: LHB Wilhelm Myers
|
0-0: Called Strike 0-1: Ball 1-1: Called Strike 1-2: Ball 2-2: Strikes out swinging
|
|
Batting: LHB Eddie Panagos
|
0-0: DOUBLE (Line Drive, 7LM, EV 105.0 MPH)
|
|
Batting: RHB Lencho Otieno
|
0-0: Called Strike 0-1: Ball 1-1: Foul Ball, location: 2F 1-2: Strikes out swinging
|
| Bottom of the 2nd over - 0 runs, 1 hit, 0 errors, 1 left on base; Bristol 1 - Chicago (APP) 1 |
| TOP OF THE 3RD |
|
Bristol Pirates batting - Pitching for Chicago (APP) Cubs : RHP Joshua Vincent
|
|
Batting: LHB Sun-wei Kuai
|
0-0: Ball 1-0: Ball 2-0: Ball 3-0: Called Strike 3-1: Base on Balls
|
|
Pitching: RHP Luis Solis
|
|
|
Batting: RHB Ryan Thurston
|
0-0: Called Strike 0-1: Ball Wild Pitch! Sun-wei Kuai to second 1-1: Ball Balk! Sun-wei Kuai to third 2-1: Foul Ball, location: 2F 2-2: Reached on error, E2 (Groundball, 15S, EV 64.4 MPH) Sun-wei Kuai scores
|
|
Batting: SHB Juan Ayala
|
0-0: Ball 1-0: Ball 2-0: Ball Passed Ball! Ryan Thurston to third 3-0: Called Strike 3-1: Base on Balls
|
|
Batting: SHB Nathan Clement
|
0-0: Ball 1-0: Ball 2-0: Called Strike 2-1: Called Strike 2-2: Strikes out swinging
|
|
Batting: LHB Damien Cohen
|
0-0: Ball 1-0: Ball 2-0: Ball Passed Ball! Ryan Thurston scores Juan Ayala to second 3-0: Base on Balls
|
|
Batting: LHB Ernesto Gasca
|
0-0: Called Strike 0-1: Swinging Strike 0-2: Ball 1-2: Strikes out swinging
|
|
Pitching: RHP Mike Reusch
|
|
|
Batting: LHB Tommie Benefield
|
0-0: Ball 1-0: Foul Ball, location: 2F 1-1: Foul Ball, location: 2F 1-2: Ball Passed Ball! Juan Ayala to third Damien Cohen to second 2-2: Ball 3-2: SINGLE (Flyball, 78S, EV 81.9 MPH) - OUT at second base trying to stretch hit. Juan Ayala scores Damien Cohen scores
|
| Top of the 3rd over - 4 runs, 1 hit, 1 error, 0 left on base; Bristol 5 - Chicago (APP) 1 |
| BOTTOM OF THE 3RD |
|
Chicago (APP) Cubs batting - Pitching for Bristol Pirates : LHP Ernesto Gasca
|
|
Batting: RHB Jorge Gonzalez
|
0-0: Called Strike 0-1: Foul Ball, location: 2F 0-2: Strikes out swinging, 2-3 out at first.
|
|
Batting: LHB Jose Mafano
|
0-0: Called Strike 0-1: Ball 1-1: Swinging Strike 1-2: Foul Ball, location: 2F 1-2: Strikes out swinging
|
|
Batting: RHB Andy Baumhardt
|
0-0: Called Strike 0-1: Ball 1-1: Foul Ball, location: 2F 1-2: Foul Ball, location: 2F 1-2: Foul Ball, location: 2F 1-2: Strikes out swinging
|
| Bottom of the 3rd over - 0 runs, 0 hits, 0 errors, 0 left on base; Bristol 5 - Chicago (APP) 1 |
| TOP OF THE 4TH |
|
Bristol Pirates batting - Pitching for Chicago (APP) Cubs : RHP Mike Reusch
|
|
Batting: RHB Brian Brewster
|
0-0: Foul Ball, location: 2F 0-1: Called Strike 0-2: Strikes out swinging
|
|
Batting: RHB Zachery Loomis
|
0-0: Ball 1-0: Called Strike 1-1: Ball 2-1: Ball 3-1: Base on Balls
|
|
Batting: LHB Sun-wei Kuai
|
0-0: Called Strike Zachery Loomis is caught stealing 2nd base 2-6 0-1: Called Strike 0-2: SINGLE (Groundball, 34S, EV 68.1 MPH) (infield hit)
|
|
Batting: RHB Ryan Thurston
|
0-0: Called Strike Sun-wei Kuai steals 2nd base 0-1: Ground out 6-3 (Groundball, 6, EV 100.6 MPH)
|
| Top of the 4th over - 0 runs, 1 hit, 0 errors, 1 left on base; Bristol 5 - Chicago (APP) 1 |
| BOTTOM OF THE 4TH |
|
Chicago (APP) Cubs batting - Pitching for Bristol Pirates : LHP Ernesto Gasca
|
|
Batting: SHB Jim Lloyd
|
0-0: Foul Ball, location: 2F 0-1: Ball 1-1: Ball 2-1: Foul Ball, location: 2F 2-2: SINGLE (Line Drive, 4D, EV 97.5 MPH)
|
|
Batting: RHB Andy Villarreal
|
0-0: Called Strike 0-1: Ball 1-1: Ball 2-1: Swinging Strike 2-2: Ball 3-2: Foul Ball, location: 2F 3-2: Base on Balls Jim Lloyd to second
|
|
Batting: SHB Rob Craft
|
0-0: Called Strike 0-1: Ball 1-1: Reached on error, E6 (Groundball, 6, EV 88.8 MPH) Jim Lloyd to third Andy Villarreal to second
|
|
Batting: LHB Wilhelm Myers
|
0-0: Ball 1-0: Called Strike 1-1: Swinging Strike 1-2: SINGLE (Line Drive, 4M, EV 98.1 MPH) Jim Lloyd scores Andy Villarreal to third Rob Craft to second
|
|
Batting: LHB Eddie Panagos
|
0-0: Ball 1-0: DOUBLE (Groundball, 3D, EV 103.1 MPH) Andy Villarreal scores Rob Craft scores Wilhelm Myers to third
|
|
Batting: RHB Lencho Otieno
|
0-0: Ground out 6-3 (Groundball, 56, EV 85.0 MPH)
|
|
Batting: RHB Jorge Gonzalez
|
0-0: Called Strike 0-1: Called Strike 0-2: Ball 1-2: Strikes out swinging
|
|
Batting: LHB Jose Mafano
|
0-0: Called Strike 0-1: Ball 1-1: Called Strike 1-2: Ball 2-2: Ball 3-2: Base on Balls
|
|
Pitching: LHP Francisco Mendoza
|
|
|
Batting: RHB Andy Baumhardt
|
0-0: Ball Wild Pitch! Wilhelm Myers scores Eddie Panagos to third Jose Mafano to second 1-0: Foul Ball, location: 2F 1-1: Ball 2-1: Foul Ball, location: 2F 2-2: Strikes out swinging
|
| Bottom of the 4th over - 4 runs, 3 hits, 1 error, 2 left on base; Bristol 5 - Chicago (APP) 5 |
| TOP OF THE 5TH |
|
Bristol Pirates batting - Pitching for Chicago (APP) Cubs : RHP Mike Reusch
|
|
Pitching: RHP Man-keung Li
|
|
|
Batting: SHB Juan Ayala
|
0-0: Ball 1-0: Swinging Strike 1-1: Called Strike 1-2: Foul Ball, location: 2F 1-2: Strikes out swinging
|
|
Batting: SHB Nathan Clement
|
0-0: Ball 1-0: Called Strike 1-1: Ball 2-1: Foul Ball, location: 2F 2-2: Ball 3-2: Base on Balls
|
|
Batting: LHB Damien Cohen
|
0-0: Ball Passed Ball! Nathan Clement to second 1-0: Called Strike 1-1: Swinging Strike 1-2: Foul Ball, location: 2F 1-2: Ball 2-2: Ball Passed Ball! Nathan Clement to third 3-2: Base on Balls
|
|
Pitching: RHP Robbie Schoen
|
|
|
Batting: LHB Ernesto Gasca
|
0-0: Ball Wild Pitch! Nathan Clement scores Damien Cohen to second 1-0: Called Strike 1-1: Ball 2-1: Ball Passed Ball! Damien Cohen to third 3-1: Called Strike 3-2: Strikes out swinging
|
|
Batting: LHB Tommie Benefield
|
0-0: Ball 1-0: Called Strike 1-1: SINGLE (Groundball, 4M, EV 83.8 MPH) (infield hit) Damien Cohen scores
|
|
Batting: RHB Brian Brewster
|
0-0: Ball Tommie Benefield steals 2nd, throwing error, E2 Tommie Benefield to third 1-0: Ball Passed Ball! Tommie Benefield scores 2-0: Foul Ball, location: 2F 2-1: Foul Ball, location: 2F 2-2: Strikes out swinging
|
| Top of the 5th over - 3 runs, 1 hit, 1 error, 0 left on base; Bristol 8 - Chicago (APP) 5 |
| BOTTOM OF THE 5TH |
|
Chicago (APP) Cubs batting - Pitching for Bristol Pirates : LHP Francisco Mendoza
|
|
Batting: SHB Jim Lloyd
|
0-0: Ball 1-0: Swinging Strike 1-1: Ball 2-1: Called Strike 2-2: Strikes out swinging
|
|
Batting: RHB Andy Villarreal
|
0-0: Foul Ball, location: 2F 0-1: Ball 1-1: Ball 2-1: Ball 3-1: Foul Ball, location: 2F 3-2: Foul Ball, location: 2F 3-2: Strikes out looking
|
|
Batting: SHB Rob Craft
|
0-0: Called Strike 0-1: Ball 1-1: Foul Ball, location: 2F 1-2: Foul Ball, location: 2F 1-2: SINGLE (Groundball, 6MD, EV 101.9 MPH)
|
|
Batting: LHB Wilhelm Myers
|
0-0: Called Strike 0-1: Swinging Strike 0-2: Ball 1-2: Strikes out swinging
|
| Bottom of the 5th over - 0 runs, 1 hit, 0 errors, 1 left on base; Bristol 8 - Chicago (APP) 5 |
| TOP OF THE 6TH |
|
Bristol Pirates batting - Pitching for Chicago (APP) Cubs : RHP Robbie Schoen
|
|
Batting: RHB Zachery Loomis
|
0-0: Ball 1-0: Ball 2-0: Ball 3-0: Base on Balls
|
|
Batting: LHB Sun-wei Kuai
|
0-0: Ball Zachery Loomis steals 2nd, throwing error, E2 Zachery Loomis to third 1-0: Called Strike 1-1: Called Strike 1-2: Ball 2-2: Foul Ball, location: 2F 2-2: Strikes out swinging
|
|
Batting: RHB Ryan Thurston
|
0-0: Ball 1-0: Ball Wild Pitch! Zachery Loomis scores 2-0: Ball 3-0: Base on Balls
|
|
Batting: SHB Juan Ayala
|
0-0: Ball Ryan Thurston is caught stealing 2nd base 2-6 1-0: Ball 2-0: Called Strike 2-1: Ball 3-1: Base on Balls
|
|
Batting: SHB Nathan Clement
|
0-0: Called Strike 0-1: Foul Ball, location: 2F 0-2: Ball 1-2: SINGLE (Groundball, 56D, EV 102.5 MPH) Juan Ayala to second
|
|
Batting: LHB Damien Cohen
|
0-0: Ball 1-0: Swinging Strike 1-1: Ball Passed Ball! Juan Ayala to third Nathan Clement to second 2-1: Ball 3-1: Called Strike 3-2: Base on Balls
|
|
Batting: LHB Ernesto Gasca
|
0-0: Hit by Pitch Juan Ayala scores Nathan Clement to third Damien Cohen to second
|
|
Batting: LHB Tommie Benefield
|
0-0: Ball Passed Ball! Nathan Clement scores Damien Cohen to third Ernesto Gasca to second 1-0: Swinging Strike Passed Ball! Damien Cohen scores Ernesto Gasca to third 1-1: Ball 2-1: Ball 3-1: Reached on error, E4 (Groundball, 4M, EV 98.1 MPH) Ernesto Gasca scores
|
|
Batting: RHB Brian Brewster
|
0-0: Ball 1-0: Called Strike 1-1: Foul Ball, location: 2F 1-2: Strikes out swinging
|
| Top of the 6th over - 5 runs, 1 hit, 2 errors, 1 left on base; Bristol 13 - Chicago (APP) 5 |
| BOTTOM OF THE 6TH |
|
Chicago (APP) Cubs batting - Pitching for Bristol Pirates : LHP Francisco Mendoza
|
|
Batting: LHB Eddie Panagos
|
0-0: Ball 1-0: Ball 2-0: Called Strike 2-1: Called Strike 2-2: Foul Ball, location: 2F 2-2: Ball 3-2: Foul Ball, location: 2F 3-2: Base on Balls
|
|
Batting: RHB Lencho Otieno
|
0-0: Called Strike 0-1: Called Strike 0-2: Strikes out swinging
|
|
Batting: RHB Jorge Gonzalez
|
0-0: Ball 1-0: Called Strike 1-1: Ball 2-1: Foul Ball, location: 2F 2-2: Strikes out swinging
|
|
Batting: LHB Jose Mafano
|
0-0: Fielders Choice at 2nd, 6-4 (Groundball, 6, EV 111.2 MPH)
|
| Bottom of the 6th over - 0 runs, 0 hits, 0 errors, 1 left on base; Bristol 13 - Chicago (APP) 5 |
| TOP OF THE 7TH |
|
Bristol Pirates batting - Pitching for Chicago (APP) Cubs : RHP Robbie Schoen
|
|
Batting: RHB Zachery Loomis
|
0-0: Reached on error, E6 (Groundball, 4M, EV 104.4 MPH)
|
|
Batting: LHB Sun-wei Kuai
|
0-0: Ball Zachery Loomis steals 2nd base 1-0: Foul Ball, location: 2F 1-1: Foul Ball, location: 2F 1-2: Foul Ball, location: 2F 1-2: Ball 2-2: 2-RUN HOME RUN (Flyball, 78XD, EV 93.8 MPH) (Inside the Park)
|
|
Pitching: RHP Bobby Almonte
|
|
|
Batting: RHB Ryan Thurston
|
0-0: Ground out 5-3 (Groundball, 5, EV 105.0 MPH)
|
|
Pinch Hitting: RHB Jason Rhodes
|
0-0: Called Strike 0-1: Foul Ball, location: 2F 0-2: Foul Ball, location: 2F 0-2: Ball 1-2: SINGLE (Groundball, 6MD, EV 93.8 MPH)
|
|
Batting: SHB Nathan Clement
|
0-0: Ball 1-0: Foul Ball, location: 2F 1-1: Ball Passed Ball! Jason Rhodes to second 2-1: 2-RUN HOME RUN (Flyball, 9LD, EV 94.4 MPH), Distance : 338 ft
|
|
Batting: LHB Damien Cohen
|
0-0: Swinging Strike 0-1: Called Strike 0-2: Ball 1-2: Ball 2-2: Ball 3-2: Foul Ball, location: 2F 3-2: Foul Ball, location: 2F 3-2: Strikes out looking
|
|
Batting: LHB Ernesto Gasca
|
0-0: Called Strike 0-1: Foul Ball, location: 2F 0-2: Foul Ball, location: 2F 0-2: Ball 1-2: Ground out U3 (Groundball, 34, EV 92.5 MPH)
|
| Top of the 7th over - 4 runs, 3 hits, 1 error, 0 left on base; Bristol 17 - Chicago (APP) 5 |
| BOTTOM OF THE 7TH |
|
Chicago (APP) Cubs batting - Pitching for Bristol Pirates : LHP Francisco Mendoza
|
|
Now at 3B: Zachery Loomis
|
|
|
Now at SS: Jason Rhodes
|
|
|
Batting: RHB Andy Baumhardt
|
0-0: Ball 1-0: Called Strike 1-1: Ball 2-1: Foul Ball, location: 2F 2-2: Foul Ball, location: 2F 2-2: Ball 3-2: Strikes out swinging
|
|
Pitching: LHP Ighlas Kumbuka
|
|
|
Batting: SHB Jim Lloyd
|
0-0: Swinging Strike 0-1: Fly out, F8 (Flyball, 78D, EV 98.8 MPH)
|
|
Batting: RHB Andy Villarreal
|
0-0: Called Strike 0-1: Ball 1-1: Ground out 6-3 (Groundball, 6M, EV 79.4 MPH)
|
| Bottom of the 7th over - 0 runs, 0 hits, 0 errors, 0 left on base; Bristol 17 - Chicago (APP) 5 |
| TOP OF THE 8TH |
|
Bristol Pirates batting - Pitching for Chicago (APP) Cubs : RHP Bobby Almonte
|
|
Batting: LHB Tommie Benefield
|
0-0: Ball 1-0: Fly out, F8 (Line Drive, 8LM, EV 94.4 MPH)
|
|
Batting: RHB Brian Brewster
|
0-0: Foul Ball, location: 2F 0-1: Ball 1-1: Ball 2-1: Foul Ball, location: 2F 2-2: Ball 3-2: Foul Ball, location: 2F 3-2: Strikes out swinging
|
|
Pitching: RHP Masato Iwase
|
|
|
Batting: RHB Zachery Loomis
|
0-0: SINGLE (Groundball, P, EV 83.8 MPH) (infield hit)
|
|
Batting: LHB Sun-wei Kuai
|
0-0: Ball Passed Ball! Zachery Loomis to second 1-0: Ball 2-0: Called Strike 2-1: Ball Passed Ball! Zachery Loomis to third 3-1: Base on Balls
|
|
Batting: RHB Ryan Thurston
|
0-0: Called Strike 0-1: Reached on error, E6 (Groundball, 6, EV 86.9 MPH) Zachery Loomis scores Sun-wei Kuai to second
|
|
Batting: RHB Jason Rhodes
|
0-0: Called Strike 0-1: Fly out, F8 (Flyball, 8RD, EV 93.8 MPH)
|
| Top of the 8th over - 1 run, 1 hit, 1 error, 2 left on base; Bristol 18 - Chicago (APP) 5 |
| BOTTOM OF THE 8TH |
|
Chicago (APP) Cubs batting - Pitching for Bristol Pirates : LHP Ighlas Kumbuka
|
|
Batting: SHB Rob Craft
|
0-0: Ball 1-0: Ground out 6-3 (Groundball, 6, EV 88.1 MPH)
|
|
Batting: LHB Wilhelm Myers
|
0-0: Foul Ball, location: 2F 0-1: Swinging Strike 0-2: Ball 1-2: Strikes out looking
|
|
Batting: LHB Eddie Panagos
|
0-0: Called Strike 0-1: Foul Ball, location: 2F 0-2: Ball 1-2: Ball 2-2: Strikes out looking
|
| Bottom of the 8th over - 0 runs, 0 hits, 0 errors, 0 left on base; Bristol 18 - Chicago (APP) 5 |
| TOP OF THE 9TH |
|
Bristol Pirates batting - Pitching for Chicago (APP) Cubs : RHP Masato Iwase
|
|
Batting: SHB Nathan Clement
|
0-0: Called Strike 0-1: Ball 1-1: Swinging Strike 1-2: Ground out U3 (Groundball, 34S, EV 82.5 MPH)
|
|
Batting: LHB Damien Cohen
|
0-0: Ball 1-0: SOLO HOME RUN (Flyball, 9D, EV 101.9 MPH), Distance : 423 ft
|
|
Batting: LHB Ernesto Gasca
|
0-0: Swinging Strike 0-1: Ball 1-1: Ball 2-1: SINGLE (Groundball, 6D, EV 102.5 MPH)
|
|
Batting: LHB Tommie Benefield
|
0-0: Called Strike 0-1: Swinging Strike 0-2: Ball Passed Ball! Ernesto Gasca to second 1-2: Strikes out looking
|
|
Batting: RHB Brian Brewster
|
0-0: Called Strike 0-1: Swinging Strike 0-2: Strikes out swinging
|
| Top of the 9th over - 1 run, 2 hits, 0 errors, 1 left on base; Bristol 19 - Chicago (APP) 5 |
| BOTTOM OF THE 9TH |
|
Chicago (APP) Cubs batting - Pitching for Bristol Pirates : LHP Ighlas Kumbuka
|
|
Batting: RHB Lencho Otieno
|
0-0: Ball 1-0: Ball 2-0: Swinging Strike 2-1: Foul Ball, location: 2F 2-2: Ball 3-2: Strikes out swinging
|
|
Batting: RHB Jorge Gonzalez
|
0-0: Called Strike 0-1: Foul Ball, location: 2F 0-2: Ball 1-2: Foul Ball, location: 2F 1-2: Strikes out looking
|
|
Batting: LHB Jose Mafano
|
0-0: Ball 1-0: Ball 2-0: Called Strike 2-1: Hit by Pitch
|
|
Batting: RHB Andy Baumhardt
|
0-0: Ball 1-0: Swinging Strike 1-1: Ball 2-1: Swinging Strike 2-2: Foul Ball, location: 2F 2-2: Strikes out looking
|
| Bottom of the 9th over - 0 runs, 0 hits, 0 errors, 1 left on base; Bristol 19 - Chicago (APP) 5 |
|